 Dungeon Crawl Stone Soup version 0.31.0-9-g3a7656b989 (webtiles) character file.

Game seed: 2525856236420733789

443 qw the Shooter (level 6, 0/30 HPs)
             Began as a Spriggan Hunter on Feb 2, 2024.
             Slain by an orc
             ... wielding a +0 club
              (3 damage)
             ... on level 4 of the Dungeon.
             The game lasted 00:00:13 (2820 turns).

qw the Shooter (Spriggan Hunter)                    Turns: 2820, Time: 00:00:13

Health: 0/30       AC:  2    Str:  7    XL:     6   Next: 71%
Magic:  7/7        EV: 21    Int: 11    God:
Gold:   70         SH:  0    Dex: 20    Spells: 5/5 levels left

rFire   . . .        a - +1 shortbow
rCold   . . .        (shield currently unavailable)
rNeg    . . .        c - +0 robe
rPois   .            (helmet restricted)
rElec   .            (no cloak)
rCorr   .            (gloves unavailable)
SInv    +            (boots unavailable)
Will    +....        (no amulet)
Stlth   ++           (no ring)
HPRegen 0.25/turn    (no ring)
MPRegen 0.10/turn

%: no passive effects
@: very quick
A: very small, no large weapons, unfitting armour, see invisible, speed 3
a: no special abilities


You were on level 4 of the Dungeon.
You visited 1 branch of the dungeon, and saw 4 of its levels.

You collected 262 gold pieces.
You spent 192 gold pieces at shops.


Innate Abilities, Weirdness & Mutations

You are very small and have problems with some larger weapons.
You are too small for most types of armour.
You have supernaturally acute eyesight. (SInv)
You cover ground extremely quickly. (Speed+++)


   Skills:
 - Level 2.0 Fighting
 + Level 6.6 Ranged Weapons
 - Level 6.3 Dodging
 - Level 1.5 Stealth


You had 5 spell levels left.
You didn't know any spells.
Your spell library was empty.

Inventory:

Hand Weapons
 a - a +1 shortbow (weapon)
Armour
 c - a +0 robe (worn)
Wands
 b - a wand of light (7)
 k - a wand of polymorph (7)
 l - a wand of digging (2)
Scrolls
 d - a scroll of blinking {unknown}
 h - 4 scrolls of identify
 i - a scroll of enchant armour
Potions
 g - a potion of curing

Dungeon Overview and Level Annotations

Branches:
Dungeon (4/15)
 Temple: D:4-7

Altars:
Kikubaaqudgha

Shops:
D:1 :   D:3 ?


Message History

You resist with significant effort.
You shoot an arrow.
The arrow closely misses the orc priest.
The orc hits you with a +2 mace of protection!
The orc priest barely misses you.
You shoot an arrow. The arrow hits the orc priest.
The orc priest is moderately wounded.
The orc misses you.
The orc priest invokes the aid of Beogh against you.
Beogh smites you!
You shoot an arrow. The arrow hits the orc priest.
The orc priest is moderately wounded.
The orc closely misses you. The orc priest barely misses you.
You shoot an arrow. The arrow hits the orc priest.
The orc priest is heavily wounded.
The orc barely misses you.
The orc priest invokes the aid of Beogh against you.
You resist with significant effort.
You shoot an arrow. The arrow hits the orc priest.
The orc priest is almost dead.
The orc closely misses you. The orc priest barely misses you.
You shoot an arrow.
The arrow closely misses the orc priest.
The orc hits you with a +2 mace of protection.
The orc misses you. The orc priest hits you with a +0 club.
You shoot an arrow.
The arrow closely misses the orc priest.
The orc closely misses you. The orc misses you.
The orc priest hits you with a +0 club.
You shoot an arrow. The arrow barely misses the orc priest.
The orc misses you. The orc completely misses you.
The orc priest completely misses you.
You shoot an arrow.
The arrow closely misses the orc priest.
The orc hits you with a +2 mace of protection.
The orc hits you with a +0 club. The orc priest completely misses you.
You shoot an arrow. The arrow hits the orc priest!
You kill the orc priest!
The orc misses you. The orc hits you with a +0 club.
You die...

#.##...#####
#.##...##..#
#.#8...8#..' ###
####...#####
###8###8##...##8##
#.................
######+.........}......
#......................
#....o@#8###8##...##8##
#....)o### ####...####
#.....). #8...8#
#........ ##...##
#......... #...#
#.......%..
#........>..
#........)..#


You could see 2 orcs.

Vanquished Creatures
  2 ogres (D:4)
  A scorpion (D:4)
  An orc priest (D:4)
  A sleepcap (D:4)
  An orc wizard (D:4)
  6 gnolls
  5 adders
  2 dart slugs
  A ribbon worm (D:2)
  3 orcs (D:4)
  A bat (D:2)
  2 bat zombies (D:3)
  5 endoplasms
  5 giant cockroaches
  2 goblins
  3 hobgoblins
  3 jackals (D:3)
  4 kobolds
  3 quokkas
  3 ball pythons
  2 frilled lizards (D:1)
  A frilled lizard zombie (D:3)
  7 rats
64 creatures vanquished.

Notes
Turn   | Place    | Note
-------+----------+-------------------------------------------
     0 | D:1      | qw the Spriggan Hunter began the quest for the Orb.
     0 | D:1      | Reached XP level 1. HP: 10/10 MP: 2/2
     0 | D:1      | 0 ||| qw: Version: 0.3-a-155-g5e7d8dd
     0 | D:1      | 0 ||| qw: Game counter: 2072
     0 | D:1      | 0 ||| qw: Melee chars always use a shield: true
     0 | D:1      | 0 ||| qw: God list: Okawaru
     0 | D:1      | 0 ||| qw: Allow faded altars: false
     0 | D:1      | 0 ||| qw: Do Orc after clearing Dungeon:15 true
     0 | D:1      | 0 ||| qw: Do second Lair branch before Depths: true
     0 | D:1      | 0 ||| qw: Lair rune preference: random
     0 | D:1      | 0 ||| qw: Goals: Normal
     0 | D:1      | 0 ||| PLANNING D:1-11
    19 | D:1      | Reached skill level 3 in Dodging
    65 | D:1      | Found Xilogrixt's Book Shop.
   280 | D:1      | Reached XP level 2. HP: 14/14 MP: 3/3
   365 | D:1      | Found a faded altar of an unknown god.
   818 | D:1      | 818 ||| READING scroll labelled YFYULAU DOMM.
   818 | D:1      | 818 ||| IDENTIFYING 2 metallic dark potions
   819 | D:1      | 819 ||| READING 2 scrolls labelled WIYVUASSANA.
   820 | D:1      | 820 ||| READING scroll labelled LALOIPOLOGEA.
   821 | D:1      | 821 ||| DROPPING scroll of butterflies.
   822 | D:1      | 822 ||| DROPPING scroll of fog.
   887 | D:2      | HP: 2/14 [kobold/+0 whip (3)]
   888 | D:2      | 888 ||| DRINKING 2 potions of heal wounds.
   946 | D:2      | Reached XP level 3. HP: 18/18 MP: 4/4
  1332 | D:2      | 1332 ||| RETREEEEATING.
  1333 | D:2      | 1333 ||| RETREEEEATING.
  1336 | D:2      | 1336 ||| RETREEEEATING.
  1338 | D:2      | 1338 ||| RETREEEEATING.
  1341 | D:2      | 1341 ||| FLEEEEING.
  1342 | D:2      | 1342 ||| FLEEEEING.
  1343 | D:2      | 1343 ||| FLEEEEING.
  1344 | D:2      | 1344 ||| FLEEEEING.
  1345 | D:2      | 1345 ||| FLEEEEING.
  1346 | D:2      | 1346 ||| FLEEEEING.
  1350 | D:2      | 1350 ||| FLEEEEING.
  1351 | D:2      | 1351 ||| STAIRDANCE
  1368 | D:1      | 1368 ||| READING scroll of identify.
  1368 | D:1      | 1368 ||| IDENTIFYING sedimented inky potion
  1369 | D:1      | 1369 ||| READING scroll labelled WYLOUPT YKY TUKLEA.
  1369 | D:1      | 1369 ||| ENCHANTING +0 shortbow.
  1370 | D:1      | 1370 ||| DROPPING potion of invisibility.
  1417 | D:2      | 1417 ||| RETREEEEATING.
  1422 | D:2      | Reached XP level 4. HP: 7/22 MP: 5/5
  1915 | D:3      | Found Peiseuha's Magic Scroll Emporium.
  1927 | D:3      | 1927 ||| BUYING 3 scrolls of identify (66 gold).
  1927 | D:3      | Bought 3 scrolls of identify for 66 gold pieces
  1927 | D:3      | 1927 ||| BUYING scroll of enchant armour (82 gold).
  1927 | D:3      | Bought a scroll of enchant armour for 82 gold pieces
  1927 | D:3      | 1927 ||| BUYING scroll of identify (22 gold).
  1927 | D:3      | Bought a scroll of identify for 22 gold pieces
  1927 | D:3      | 1927 ||| BUYING scroll of identify (22 gold).
  1927 | D:3      | Bought a scroll of identify for 22 gold pieces
  1927 | D:3      | 1927 ||| SHOPLISTING scroll of teleportation (33 gold, have
                  | 1).
  2151 | D:3      | Found an ancient bone altar of Kikubaaqudgha.
  2340 | D:3      | 2340 ||| READING 9 scrolls of identify.
  2340 | D:3      | 2340 ||| IDENTIFYING purple potion
  2341 | D:3      | 2341 ||| READING 8 scrolls of identify.
  2341 | D:3      | 2341 ||| IDENTIFYING bubbling purple potion
  2342 | D:3      | 2342 ||| READING 7 scrolls of identify.
  2342 | D:3      | 2342 ||| IDENTIFYING bubbling golden potion
  2343 | D:3      | 2343 ||| READING 6 scrolls of identify.
  2343 | D:3      | 2343 ||| IDENTIFYING scroll labelled JESEEL VISKU
  2344 | D:3      | 2344 ||| READING 5 scrolls of identify.
  2344 | D:3      | 2344 ||| IDENTIFYING scroll labelled NORGHU WAXEPT
  2345 | D:3      | 2345 ||| DROPPING potion of degeneration.
  2346 | D:3      | 2346 ||| DROPPING scroll of revelation.
  2347 | D:3      | 2347 ||| DROPPING scroll of poison.
  2368 | D:4      | Noticed an ogre
  2369 | D:4      | 2369 ||| RETREEEEATING.
  2371 | D:4      | 2371 ||| RETREEEEATING.
  2373 | D:4      | 2373 ||| RETREEEEATING.
  2374 | D:4      | 2374 ||| DRINKING potion of haste.
  2380 | D:4      | Killed an ogre
  2381 | D:4      | Reached XP level 5. HP: 26/26 MP: 6/6
  2395 | D:4      | Reached skill level 6 in Ranged Weapons
  2527 | D:4      | HP: 2/26 [sleepcap (20)]
  2528 | D:4      | 2528 ||| DRINKING potion of heal wounds.
  2534 | D:4      | HP: 3/26 [sleepcap (21)]
  2536 | D:4      | Reached XP level 6. HP: 4/30 MP: 7/7
  2784 | D:4      | Reached skill level 6 in Dodging
  2817 | D:4      | HP: 5/30 [orc priest/+0 club (4)]
  2820 | D:4      | Slain by an orc

Levels and vault maps discovered:
D:1:      ebering_hopf_link, layout_basic, shapermc_ecumenical_altar_gd,
          serial_shops, nicolae_book_shop_shelving
D:2:      layout_basic, grunt_ministairs_4
D:3:      layout_basic, lemuel_zombie_altar_kikubaaqudgha, serial_shops, shop,
          serial_bayou_pond_c, amcnicky_mini_rare_corridor_liquid, minivault_4,
          hangedman_decor_diamond_cutter, kennysheep_another_room
D:4:      layout_basic, serial_corexii_hall, corexii_hall_statues_deadend,
          chequers_hall_statues_y, corexii_hall_statues_u,
          corexii_hall_statues_x

Skill      XL: |  1  2  3  4  5  6 |
---------------+-------------------+-----
Dodging        | 3 4 5 6 |  6.3
Ranged Weapons | 5 6 |  6.6
Fighting       | 2 |  2.0
Stealth        | |  1.5

Action                     |  1- 3 |  4- 6 || total
---------------------------+-------+-------++-------
   Fire: Shortbow          |    98 |   105 ||   203
    Use: Scroll            |     5 |     5 ||    10
         Potion            |     1 |     2 ||     3
 Armour: Robe              |    18 |    18 ||    36
  Dodge: Dodged            |    42 |    54 ||    96

Table legend:
 A = Non-vault XP
 B = Vault XP
 C = Vault XP percentage of total XP
 D = Non-vault monster count
 E = Vault monster count
 F = Vault count percentage of total count
                 A         B        C        D         E       F
            +---------+---------+-------+---------+---------+-------
      Total |     625 |      49 |   7.3 |      57 |       7 |  10.9
            +---------+---------+-------+---------+---------+-------
        D:1 |      22 |       0 |   0.0 |      13 |       0 |   0.0
        D:2 |      80 |      44 |  35.5 |      18 |       4 |  18.2
        D:3 |      32 |       5 |  13.5 |      11 |       3 |  21.4
        D:4 |     491 |       0 |   0.0 |      15 |       0 |   0.0
            +---------+---------+-------+---------+---------+-------
